 Dungeon Crawl Stone Soup version 0.30-a0-718-geaa24f58ff (webtiles) character file.

Game seed: 4530087695536111545

291 purpskrrrp the Shooter (level 6, 0/48 HPs)
             Began as a Formicid Hunter on Jan 25, 2023.
             Slain by an orc
             ... wielding a +0 club
              (2 damage)
             ... on level 4 of the Dungeon.
             The game lasted 00:04:09 (3296 turns).

purpskrrrp the Shooter (Formicid Hunter)            Turns: 3296, Time: 00:04:09

Health: 0/48       AC: 11    Str: 15    XL:     6   Next: 59%
Magic:  6/6        EV:  4    Int:  9    God:
Gold:   133        SH:  4    Dex: 19    Spells: 5/5 levels left

rFire   . . .      SeeInvis +    a - +0 shortbow
rCold   . . .      Faith    .    n - +0 buckler
rNeg    . . .      Spirit   .    x - +0 plate armour
rPois   .          Reflect  .    (helmet unavailable)
rElec   .          Harm     .    (no cloak)
rCorr   .          Rampage  .    (no gloves)
Will    .....                    f - +0 pair of boots Stlth
                                 (no amulet)
HPRegen 0.28/turn                (no ring)
MPRegen 0.10/turn                (no ring)

@: lethally poisoned (0 -> -17)
A: permanent stasis, dig shafts and tunnels, antennae 3, four strong arms
a: Dig, Shaft Self


You were on level 4 of the Dungeon.
You visited 1 branch of the dungeon, and saw 5 of its levels.

You collected 133 gold pieces.

Inventory:

Hand Weapons
 a - a +0 shortbow (weapon)
Armour
 c - a +0 leather armour
 f - a +0 pair of boots (worn)
 n - a +0 buckler (worn)
 x - a +0 plate armour (worn)
Jewellery
 u - an amulet of magic regeneration
Scrolls
 b - a scroll of immolation
 e - a scroll of amnesia {unknown}
 g - 4 scrolls of magic mapping {unknown}
 h - 2 scrolls of teleportation {unknown}
 j - 2 scrolls of enchant armour {unknown}
 m - 3 scrolls of identify {unknown}
 p - a scroll of noise {unknown}
 r - a scroll of silence {unknown}
 s - a scroll of torment {unknown}
 v - a scroll of fog {unknown}
 w - a scroll of blinking {unknown}
Potions
 d - 2 potions of might {unknown}
 i - 2 potions of heal wounds
 k - a potion of mutation {unknown}
 l - a potion of curing {unknown}
 o - 3 potions of degeneration {unknown}
 q - a potion of haste {unknown}
 t - a potion of berserk rage {unknown}


   Skills:
 + Level 4.0 Fighting
 * Level 6.0 Ranged Weapons
 - Level 1.7 Dodging
 + Level 4.0 Stealth


You had 5 spell levels left.
You didn't know any spells.
Your spell library contained the following spells:

 Spells                   Type           Power      Damage    Failure   Level
 Magic Dart               Conj           0%         1d3       100%        1
 Slow                     Hex            0%         N/A       100%        1
 Call Imp                 Summ           0%         N/A       100%        2
 Ensorcelled Hibernation  Hex/Ice        0%         N/A       100%        2
 Confusing Touch          Hex            0%         N/A       100%        3
 Mephitic Cloud           Conj/Pois/Air  0%         N/A       100%        3
 Spider Form              Tmut/Pois      0%         N/A       100%        3
 Vampiric Draining        Necr           0%         2d6       100%        3
 Anguish                  Hex/Necr       0%         N/A       100%        4


Dungeon Overview and Level Annotations

Branches:
Dungeon (5/15)
 Temple: D:4-7

Altars:

Shops:
D:4 (


Innate Abilities, Weirdness & Mutations

You cannot be hasted, slowed, berserked, paralysed or teleported.
You can dig through walls and to a lower floor.
You have a pair of large antennae on your head. (SInv)
Your four strong arms can wield two-handed weapons with a shield.


Message History

Press: ? - help, Shift-Dir - straight line, f - water moccasin
Aim: a water moccasin (51% to hit)
You shoot an arrow.
The arrow closely misses the water moccasin.
You feel sick.
You are no longer poisoned.
The water moccasin bites you but does no damage.
The orc hits you but does no damage.
The water moccasin bites you but does no damage.
The orc hits you but does no damage. The water moccasin bites you.
Fire: a) +0 shortbow
Press: ? - help, Shift-Dir - straight line, f/p - water moccasin
Aim: a water moccasin (51% to hit)
You shoot an arrow. The arrow hits the water moccasin!
The water moccasin is moderately wounded.
The water moccasin bites you. You block the orc's attack.
The water moccasin barely misses you. The orc hits you with a +0 club.
The water moccasin barely misses you.
Fire: a) +0 shortbow
Press: ? - help, Shift-Dir - straight line, f/p - water moccasin
Aim: a water moccasin (moderately wounded, 51% to hit)
You shoot an arrow.
The arrow barely misses the water moccasin.
The water moccasin bites you.
You are poisoned.
The water moccasin poisons you! The orc hits you with a +0 club.
The water moccasin bites you but does no damage.
The orc hits you but does no damage. The water moccasin bites you.
* * * LOW HITPOINT WARNING * * *
You are more poisoned.
The water moccasin poisons you!
Fire: a) +0 shortbow
Press: ? - help, Shift-Dir - straight line, f/p - water moccasin
Aim: a water moccasin (moderately wounded, 51% to hit)
You shoot an arrow.
The arrow closely misses the water moccasin.
* * * LOW HITPOINT WARNING * * *
You feel extremely sick. You block the water moccasin's attack.
The orc hits you with a +0 club.
You die...

#....# ##.....##
##... #....## ###..##
##.... #.....## ####
##..... #......##
#...... #.......#
#...... #.......##
##..... #........#
##.... #........#
##... #......S@#
#.... #......o.#
###.... ##........#
####...###
#.........#
###...#### #
#.......<######...###
#........###....###
#.............###
##...........###
##### #.........####
###...###


You could see a water moccasin and an orc.

Vanquished Creatures
  A scorpion (D:4)
  A howler monkey (D:5)
  A hound (D:4)
  A jelly (D:4)
  5 adders
  An ufetubus (D:4)
  4 worms
  2 dart slugs
  3 orcs
  4 endoplasms
  2 giant cockroaches (D:2)
  6 goblins
  5 hobgoblins
  2 jackals (D:4)
  4 quokkas
  5 ball pythons
  6 bats
  5 frilled lizards
  10 kobolds
  7 rats
75 creatures vanquished.

Notes
Turn   | Place    | Note
-------+----------+-------------------------------------------
     0 | D:1      | purpskrrrp the Formicid Hunter began the quest for the Orb.
     0 | D:1      | Reached XP level 1. HP: 16/16 MP: 1/1
   216 | D:1      | Reached XP level 2. HP: 23/23 MP: 2/2
   511 | D:1      | Reached XP level 3. HP: 22/28 MP: 3/3
  1059 | D:2      | Reached XP level 4. HP: 34/34 MP: 4/4
  1574 | D:3      | Reached skill level 5 in Ranged Weapons
  1973 | D:3      | Reached XP level 5. HP: 41/41 MP: 5/5
  2657 | D:4      | Reached XP level 6. HP: 48/48 MP: 6/6
  2745 | D:4      | Found Zyobekez's Antique Weapon Boutique.
  3269 | D:5      | Entered Level 5 of the Dungeon
  3275 | D:5      | Noticed a water moccasin
  3282 | D:5      | Reached skill level 6 in Ranged Weapons
  3296 | D:4      | HP: 2/48 [poisoned by a water moccasin]
  3296 | D:4      | Slain by an orc

Illustrated notes

Levels and vault maps discovered:
D:1:      heliophobic_arrival_battle_scene, layout_basic
D:2:      layout_basic, nicolae_half_adder
D:3:      layout_loops_corners, kennysheep_generic_room_7
D:4:      layout_cave_pods, serial_shops, nicolae_shop_trees
D:5:      layout_basic, mainiacjoe_overflow_24_doors, fiery_altar_vehumet,
          general_overflow_altar, serial_shops, shop, minmay_misc_feat_rugged

Skill      XL: |  1  2  3  4  5  6 |
---------------+-------------------+-----
Stealth        | 2 3 4 |  4.0
Fighting       | 3 4 |  4.0
Ranged Weapons | 5 6 |  6.0
Dodging        | |  1.7

Action                     |  1- 3 |  4- 6 || total
---------------------------+-------+-------++-------
   Fire: Shortbow          |    90 |   137 ||   227
    Use: Potion            |       |     1 ||     1
 Armour: Leather armour    |     9 |    22 ||    31
         Plate armour      |       |    27 ||    27
  Dodge: Dodged            |    28 |    38 ||    66
  Block: Buckler           |       |    21 ||    21

Table legend: (Time is in decaauts)
 A = Elapsed time spent in this place.
 B = Non-inter-level travel time spent in this place.
 C = Inter-level travel time spent in this place.
 D = Time resting spent in this place.
 E = Time spent auto-exploring this place.
 F = Levels seen in this place.
 G = Mean time per level.
                   A        B        C        D        E       F      G
               +--------+--------+--------+--------+--------+-----+--------+
         Total |   3373 |   3219 |    154 |      0 |   2722 |   5 |  674.6 |
       Dungeon |   3373 |   3219 |    154 |      0 |   2722 |   5 |  674.6 |
               +--------+--------+--------+--------+--------+-----+--------+

Top non-repeatable levels by time:
     D:4: 911 daAuts
     D:3: 885 daAuts
     D:1: 874 daAuts
     D:2: 669 daAuts
     D:5: 32 daAuts
